 Dungeon Crawl Stone Soup version 0.31-a0-1223-gfd5aef93c1 (webtiles) character file.

Game seed: 14454534095118045993

1628 Ivernyr the Shield-Bearer (level 9, -2/71 HPs)
             Began as a Formicid Fighter on Dec 14, 2023.
             Slain by Maggie
             ... wielding a +0 long sword of holy wrath
              (10 damage)
             ... on level 6 of the Dungeon.
             The game lasted 00:10:08 (5195 turns).

Ivernyr the Shield-Bearer (Formicid Fighter)        Turns: 5195, Time: 00:10:09

Health: -2/71      AC:  9    Str: 24    XL:     9   Next: 17%
Magic:  9/9        EV:  9    Int:  9    God:
Gold:   227        SH:  6    Dex: 13    Spells: 8/8 levels left

rFire   . . .        a - +0 quarterstaff
rCold   . . .        c - +0 buckler
rNeg    . . .        b - +0 scale mail
rPois   .            (helmet unavailable)
rElec   .            (no cloak)
rCorr   .            j - +1 pair of gloves
SInv    +            (no boots)
Will    +....        (no amulet) Stlth
                     g - ring of willpower
HPRegen 0.31/turn    (no ring)
MPRegen 0.11/turn

%: no passive effects
@: mesmerised
A: permanent stasis, dig shafts and tunnels, antennae 3, four strong arms
a: Dig, Shaft Self


You were on level 6 of the Dungeon.
You visited 1 branch of the dungeon, and saw 7 of its levels.
You also visited: Sewer.

You collected 227 gold pieces.

Inventory:

Hand Weapons
 a - a +0 quarterstaff (weapon)
Armour
 b - a +0 scale mail (worn)
 c - a +0 buckler (worn)
 j - a +1 pair of gloves (worn)
Jewellery
 g - a ring of willpower (left hand)
Scrolls
 e - a scroll of torment {unknown}
 f - 10 scrolls of identify {unknown}
 i - 2 scrolls of vulnerability {unknown}
 k - 2 scrolls of teleportation {unknown}
 n - 3 scrolls of revelation {unknown}
 p - a scroll of enchant armour {unknown}
 s - a scroll of summoning {unknown}
 t - a scroll of fear {unknown}
 u - a scroll of fog {unknown}
 w - a scroll of blinking {unknown}
Potions
 d - a potion of might
 h - 3 potions of curing {unknown}
 l - a potion of lignification {unknown}
 m - a potion of resistance {unknown}
 o - 2 potions of heal wounds {unknown}
 q - a potion of enlightenment {unknown}
 r - a potion of brilliance {unknown}
 v - 2 potions of attraction {unknown}


   Skills:
 + Level 6.4 Fighting
 * Level 7.2 Staves
 + Level 6.3 Armour
 + Level 7.5 Shields


You had 8 spell levels left.
You didn't know any spells.
Your spell library contained the following spells:

 Spells                   Type           Power      Damage    Failure   Level
 Summon Small Mammal      Summ           0%         N/A       71%         1
 Poisonous Vapours        Pois/Air       0%         N/A       85%         2
 Call Canine Familiar     Summ           0%         N/A       97%         3
 Mephitic Cloud           Conj/Pois/Air  0%         N/A       97%         3
 Summon Guardian Golem    Hex/Summ       0%         N/A       97%         3
 Freezing Cloud           Conj/Ice/Air   0%         6-21      100%        5


Dungeon Overview and Level Annotations

Branches:
Dungeon (7/15)              Sewer (visited)
 Temple: D:4-7

Altars:
Qazlal
Ru

Annotations:
D:6 Maggie


Innate Abilities, Weirdness & Mutations

You cannot be hasted, slowed, berserked, paralysed or teleported.
You can dig through walls and to a lower floor.
You have a pair of large antennae on your head. (SInv)
Your four strong arms can wield two-handed weapons with a shield.


Message History

Maggie is heavily wounded.
Maggie hits you with a +0 long sword of holy wrath!
You barely miss Maggie.
Maggie is heavily wounded.
Maggie casts a spell.
Maggie attempts to bespell you!
You are mesmerised by Maggie!
You hit Maggie.
Maggie is heavily wounded.
Maggie barely misses you.
You closely miss Maggie.
Maggie is heavily wounded.
Maggie hits you with a +0 long sword of holy wrath.
You closely miss Maggie.
Maggie is heavily wounded.
Maggie hits you with a +0 long sword of holy wrath!
You sock Maggie!
Maggie is severely wounded.
Maggie hits you but does no damage.
You hit Maggie but do no damage.
Maggie is severely wounded.
Maggie closely misses you.
You barely miss Maggie.
Maggie is severely wounded.
Maggie casts a spell at you. The bolt of fire hits you!!
* * * LOW HITPOINT WARNING * * *
You hit Maggie but do no damage.
Maggie is severely wounded.
Maggie barely misses you.
You closely miss Maggie.
Maggie is severely wounded.
You block Maggie's attack.
You hit Maggie but do no damage.
Maggie is severely wounded.
Maggie hits you but does no damage.
You hit Maggie.
Maggie is severely wounded.
Maggie hits you with a +0 long sword of holy wrath!
You die...

#..#.##..#.#.....#...
##...<...####.....#....
..###.. #...#...##
####### ###. #......
..#.#...# ♣♣♣♣♣♣ #.##
...... ........#
♣♣.....♣♣ #...##.....
....#..## ♣.......♣♣
#....#).... ....##.#
..#....♣♣ #........
...###..# ##.##...♣
##...... ....##..#
#.@@#...♣####......#
....###.#
#.(#?.#...'.###..##.#
.#...####
...#.$.#...♣#.....###..
##.....# ♣..
##.##...♣#.....###..
.###...##♣
..#....♣♣##...###...
.###....# .......♣♣
#.....#.... ..#.....#
♣♣.....♣♣ #..........
........# ♣♣♣♣♣♣
#....####..
........###########
####..#.##..


You could see Maggie (mesmerising).

Vanquished Creatures
  A steam dragon (D:6)
  A water moccasin (D:4)
  3 phantoms
  5 kobold brigands (Sewer)
  A bullfrog (D:7)
  A gnoll sergeant (D:5)
  2 scorpions
  2 bullfrog zombies (D:4)
  2 hounds (D:6)
  A jelly (D:5)
  3 orc priests
  An iguana (D:4)
  An orc wizard (D:4)
  A hound skeleton (D:4)
  A howler monkey zombie (D:4)
  A gnoll (D:5)
  2 river rats (Sewer)
  11 adders
  A shadow imp (D:6)
  2 adder zombies (D:4)
  An adder skeleton (D:4)
  5 worms
  9 orcs
  7 ball pythons
  5 bats
  13 endoplasms
  3 giant cockroaches
  7 goblins
  9 hobgoblins
  7 jackals
  11 kobolds
  7 quokkas
  4 frilled lizards
  4 rats
135 creatures vanquished.

Notes
Turn   | Place    | Note
-------+----------+-------------------------------------------
     0 | D:1      | Ivernyr the Formicid Fighter began the quest for the Orb.
     0 | D:1      | Reached XP level 1. HP: 18/18 MP: 1/1
   226 | D:1      | Reached XP level 2. HP: 23/24 MP: 2/2
   622 | D:2      | Found a stormy altar of Qazlal.
   642 | D:2      | Reached XP level 3. HP: 29/29 MP: 3/3
   964 | D:2      | Reached XP level 4. HP: 29/37 MP: 4/4
  1376 | D:3      | Found a glowing drain.
  1438 | Sewer    | Entered a sewer
  1480 | Sewer    | Noticed a kobold brigand
  1501 | Sewer    | Killed a kobold brigand
  1502 | Sewer    | Reached skill level 5 in Shields
  1502 | Sewer    | Reached XP level 5. HP: 40/42 MP: 5/5
  1701 | Sewer    | Noticed a kobold brigand
  1720 | Sewer    | Killed a kobold brigand
  1721 | Sewer    | Reached XP level 6. HP: 19/49 MP: 6/6
  2049 | Sewer    | Reached XP level 7. HP: 28/55 MP: 7/7
  2626 | Sewer    | Reached skill level 5 in Staves
  3065 | D:4      | Reached skill level 5 in Fighting
  3265 | D:4      | Reached skill level 5 in Armour
  3375 | D:4      | Reached XP level 8. HP: 59/62 MP: 8/8
  3607 | D:4      | Found a sacrificial altar of Ru.
  4254 | D:5      | Entered Level 5 of the Dungeon
  4422 | D:5      | HP: 3/64 [gnoll/+0 whip[a gnoll sergeant] (3)]
  4424 | D:5      | You fall into a shaft and drop 2 floors!
  4762 | D:6      | Reached XP level 9. HP: 67/69 MP: 9/9
  5175 | D:6      | Noticed Maggie
  5195 | D:6      | Slain by Maggie

Illustrated notes

Levels and vault maps discovered:
D:1:      amcnicky_arrival_single_pillar, layout_rooms,
          nicolae_houndstooth_variations
D:2:      layout_loops_ring, basic_altar
D:3:      layout_rooms, portal_sewer_entry_d
D:4:      layout_loops_cross, nicolae_ru_path_of_blood, serial_undead,
          serial_undead_c, serial_undead_d, serial_undead_e, serial_undead_b,
          serial_undead_c, serial_undead_f, uniq_pikel
D:5:      layout_loops_corners, kiku_gazebo_pond_becter, serial_aquarium,
          aquarium_bridge_square [aquarium_subvault_bridge,
          aquarium_subvault_bridge, aquarium_subvault_window,
          aquarium_subvault_bridge], aquarium_window_3, aquarium_window_fake,
          aquarium_view_2b, aquarium_balcony_double_1, aquarium_pool_split
D:6:      layout_cave_pools, minmay_temple_entry_sparse_star,
          kennysheep_generic_room_2, uniq_maggie
D:7:      layout_cave_pools, hellmonk_ghost_happy_afterlife, uniq_menkaure

Skill      XL: |  1  2  3  4  5  6  7  8  9 |
---------------+----------------------------+-----
Staves         | 3 4 5 6 7 |  7.2
Fighting       | 4 5 6 |  6.4
Armour         | 4 5 6 |  6.3
Shields        | 5 6 7 |  7.5

Action                     |  1- 3 |  4- 6 |  7- 9 || total
---------------------------+-------+-------+-------++-------
  Melee: Quarterstaff      |    95 |   124 |   359 ||   578
Ability: Dig               |       |     1 |       ||     1
         Shaft Self        |       |       |     1 ||     1
 Armour: Scale mail        |    65 |    69 |   287 ||   421
  Dodge: Dodged            |    36 |    54 |   141 ||   231
  Block: Buckler           |    24 |    24 |   108 ||   156

Table legend: (Time is in decaauts)
 A = Elapsed time spent in this place.
 B = Non-inter-level travel time spent in this place.
 C = Inter-level travel time spent in this place.
 D = Time resting spent in this place.
 E = Time spent auto-exploring this place.
 F = Levels seen in this place.
 G = Mean time per level.
                   A        B        C        D        E       F      G
               +--------+--------+--------+--------+--------+-----+--------+
         Total |   5417 |   5338 |     79 |    959 |   3097 |   8 |  677.1 |
       Dungeon |   3965 |   3886 |     79 |    379 |   2573 |   7 |  566.4 |
         Sewer |   1451 |   1451 |      0 |    580 |    524 |   1 | 1451.0 |
               +--------+--------+--------+--------+--------+-----+--------+

Top non-repeatable levels by time:
   Sewer: 1451 daAuts
     D:4: 1210 daAuts
     D:2: 750 daAuts
     D:1: 563 daAuts
     D:6: 532 daAuts
     D:3: 501 daAuts
     D:7: 236 daAuts
     D:5: 170 daAuts
